 Dungeon Crawl Stone Soup version 0.31.0-12-g77e489cdc1 (webtiles) character file.

Game seed: 12816493743219892978

1399 gohu the Digger (level 8, -3/69 HPs)
             Began as a Gargoyle Earth Elementalist on Feb 23, 2024.
             Killed from afar by an orc wizard (8 damage)
             ... with a puff of flame
             ... on level 6 of the Dungeon.
             The game lasted 00:20:28 (5180 turns).

gohu the Digger (Gargoyle Earth Elementalist)       Turns: 5180, Time: 00:20:29

Health: -3/69      AC: 24    Str: 11    XL:     8   Next: 69%
Magic:  14/14      EV:  2    Int: 19    God:
Gold:   205        SH:  0    Dex: 10    Spells: 12/16 levels left

rFire   . . .        C - +5 woodcutter's axe
rCold   . . .        (shield currently unavailable)
rNeg    + . .        a - melded +0 robe
rPois   ∞            (helmet currently unavailable)
rElec   .            (cloak currently unavailable)
rCorr   .            k - melded +0 pair of gloves
SInv    .            (boots currently unavailable)
Will    .....        (no amulet)
Stlth   ++           (no ring)
HPRegen 0.31/turn    (no ring)
MPRegen 0.14/turn

%: no passive effects
@: tree-form
A: stationary, stasis, torment immunity, boosted hp, sickness immunity, AC +5,
negative energy resistance 1, (electricity resistance), torment resistance 1,
petrification resistance
a: no special abilities


You were on level 6 of the Dungeon.
You were a tree.
You visited 1 branch of the dungeon, and saw 6 of its levels.
You also visited: Sewer.

You collected 271 gold pieces.
You spent 66 gold pieces at shops.

Inventory:

Hand Weapons
 j - a +0 dagger
 C - the +5 woodcutter's axe (weapon)
   (You took it off a gnoll on level 3 of the Dungeon)
Missiles
 d - 47 stones
 h - 6 boomerangs
 i - a throwing net
 v - 8 poisoned darts
 w - 4 curare-tipped darts
Armour
 a - a +0 robe (melded)
 k - a +0 pair of gloves (melded)
Jewellery
 f - an amulet of faith
Talismans
 g - a storm talisman
 B - a maw talisman
Wands
 m - a wand of light (6)
Scrolls
 e - a scroll of fog {unknown}
 p - 7 scrolls of identify {unknown}
 q - a scroll of teleportation {unknown}
 r - 2 scrolls of amnesia {unknown}
 s - a scroll of vulnerability {unknown}
 x - a scroll of blinking {unknown}
 y - 2 scrolls of immolation {unknown}
 D - a scroll of revelation {unknown}
Potions
 b - a potion of magic
 c - 3 potions of berserk rage {unknown}
 l - a potion of degeneration {unknown}
 n - 4 potions of heal wounds {unknown}
 o - 4 potions of curing {unknown}
 t - 3 potions of invisibility {unknown}
 u - 2 potions of cancellation {unknown}
 z - 3 potions of lignification
 A - a potion of resistance {unknown}
 E - 2 potions of might {unknown}


   Skills:
 + Level 3.1 Fighting
 - Level 1.5 Dodging
 - Level 2.1 Stealth
 + Level 4.6 Spellcasting
 * Level 7.4 Conjurations
 + Level 7.6 Earth Magic


You had 12 spell levels left.
You knew the following spells:

 Your Spells              Type           Power      Damage    Failure   Level
a - Sandblast             Erth           66%        2d15      1%          1
b - Stone Arrow           Conj/Erth      64%        3d11      1%          3

Your spell library contained the following spells:

 Spells                   Type           Power      Damage    Failure   Level
 Passwall                 Erth           33%        N/A       1%          3
 Kiss of Death            Conj/Necr      72%        2d10      2%          1
 Shock                    Conj/Air       72%        1d7       2%          1
 Brom's Barrelling Bould  Conj/Erth      32%        2d5       6%          4
 Apportation              Tloc           8%         N/A       13%         1
 Jinxbite                 Hex            8%         N/A       21%         2
 Petrify                  Alch/Erth      18%        N/A       26%         4
 Confusing Touch          Hex            4%         N/A       36%         3
 Swiftness                Air            4%         N/A       36%         3
 Irradiate                Conj/Alch      9%         3d14      61%         5
 Airstrike                Air            2%         2d(1-17)  78%         4
 Dispel Undead            Necr           4%         3d7       78%         4
 Alistair's Intoxication  Alch           2%         N/A       98%         5
 Chain Lightning          Conj/Air       9%         3d12      100%        9


Dungeon Overview and Level Annotations

Branches:
Dungeon (6/15)              Sewer (visited)
 Temple: D:4-7

Altars:
Fedhas

Shops:
D:4 *


Innate Abilities, Weirdness & Mutations

You are a tree.
Your roots penetrate the ground, keeping you stationary.
You cannot be teleported.
You are immune to unholy pain and torment.
Your maximum health is greatly increased.
Your equipment is partially melded.
You are immune to sickness and miasma.
((Your stone body is resilient. (AC +5)))
You are immune to poison.
You resist negative energy. (rN+)
((You are resistant to electric shocks. (rElec)))
You are resistant to unholy torment.
You are immune to petrification.


Message History

The ufetubus barely misses you.
The ufetubus hits you but does no damage.
The ufetubus hits you.
* * * LOW HITPOINT WARNING * * *
The ufetubus hits you but does no damage. x2
You closely miss the ufetubus.
The ufetubus is severely wounded.
You barely miss the ufetubus.
The ufetubus hits you but does no damage.
The ufetubus hits you.
* * * LOW HITPOINT WARNING * * *
The ufetubus hits you but does no damage. x2
You slash the ufetubus!
You kill the ufetubus!
You slash the ufetubus!
An adder comes into view.
The ufetubus hits you but does no damage. x2
An orc comes into view. It is wielding a +0 whip.
The ufetubus hits you but does no damage.
The ufetubus hits you.
* * * LOW HITPOINT WARNING * * *
The adder moves out of view.
You slash the ufetubus!
You kill the ufetubus!
Aiming: Sandblast (safe; 1% risk of failure)
Press: ? - help, Q - select action, (/) - cycle Shift-Dir - straight line, f - orc
Aim: an orc, wielding a +0 whip and wearing a +0 leather armour (84% to hit)
The blast of sand hits the orc!
You kill the orc!
You start resting.
An orc wizard comes into view. It is wielding a +0 dagger.
Throw: 6 boomerangs
Press: ? - help, Shift-Dir - straight line, f - orc wizard
Aim: an orc wizard, wielding a +0 dagger and wearing a +0 robe (wandering, hasn't noticed you, 43% to hit)
You throw a boomerang.
The boomerang completely misses the orc wizard.
The orc wizard shouts!
The orc wizard points at you and mumbles some strange words.
The puff of flame hits you!
You die...

o# .# .#
##) ...
#.####
#....#
#♣.#
#......#
#.######
..# ###


You could see an orc wizard.

Vanquished Creatures
  A wyvern (D:4)
  A steam dragon (D:6)
  Menkaure (D:4)
  A water moccasin (D:5)
  A centaur (D:5)
  Blork the orc (D:5)
  A bombardier beetle (D:5)
  2 jellies
  4 orc priests
  2 hounds
  Jessica (D:2)
  An iguana (D:5)
  2 orc wizards
  7 gnolls
  19 adders
  A shadow imp (D:5)
  2 ufetubi (D:6)
  3 dart slugs
  5 ribbon worms
  16 orcs
  9 endoplasms
  3 giant cockroaches
  4 hobgoblins
  4 jackals (D:2)
  11 kobolds
  3 quokkas
  14 ball pythons
  A bat (D:1)
  4 frilled lizards
  4 goblins
  8 rats
137 creatures vanquished.

Notes
Turn   | Place    | Note
-------+----------+-------------------------------------------
     0 | D:1      | gohu the Gargoyle Earth Elementalist began the quest for
                  | the Orb.
     0 | D:1      | Reached XP level 1. HP: 10/10 MP: 3/3
    76 | D:1      | Reached XP level 2. HP: 15/15 MP: 0/5
   723 | D:2      | Reached skill level 5 in Earth Magic
   723 | D:2      | Reached XP level 3. HP: 19/19 MP: 3/6
   943 | D:2      | Reached XP level 4. HP: 24/24 MP: 5/7
   971 | D:2      | Learned a level 3 spell: Stone Arrow
  1029 | D:2      | Noticed Jessica
  1086 | D:3      | Found a blossoming altar of Fedhas.
  1193 | D:3      | Found a glowing drain.
  1203 | Sewer    | Entered a sewer
  1473 | Sewer    | Reached XP level 5. HP: 28/28 MP: 5/8
  1941 | D:2      | Killed Jessica
  2013 | D:2      | Reached XP level 6. HP: 31/32 MP: 5/9
  2931 | D:4      | Found Taenuod's Assorted Antiques.
  2974 | D:4      | Bought an inky potion for 21 gold pieces
  2974 | D:4      | Bought a scroll labelled BECIYS NETY for 24 gold pieces
  2974 | D:4      | Bought an inky potion for 21 gold pieces
  3245 | D:4      | Noticed a wyvern
  3249 | D:4      | Killed a wyvern
  3250 | D:4      | Reached skill level 5 in Conjurations
  3250 | D:4      | Reached XP level 7. HP: 7/36 MP: 4/12
  3713 | D:4      | Noticed Menkaure
  3776 | D:3      | Reached skill level 1 in Fighting
  4320 | D:4      | Got the Compilation of the Chupacabra
  4370 | D:4      | Killed Menkaure
  4472 | D:5      | Entered Level 5 of the Dungeon
  4475 | D:5      | Reached XP level 8. HP: 44/44 MP: 10/14
  4544 | D:5      | Noticed Blork the orc
  4547 | D:5      | Killed Blork the orc
  5171 | D:6      | HP: 2/69 [ufetubus (4)]
  5180 | D:6      | Killed from afar by an orc wizard

Illustrated notes

Levels and vault maps discovered:
D:1:      tarquinn_simple_flora_water_b, layout_rooms, dreamdust_wishing_well
D:2:      layout_basic, uniq_crazy_yiuf_cottage, uniq_jessica
D:3:      layout_loops_corners, overflow_temple_1_default, portal_sewer_entry_d,
          pf_guarded_unrand_woodcutter
D:4:      layout_basic, serial_shops, nicolae_shop_overgrown_old_shop,
          uniq_menkaure
D:5:      layout_basic, chequers_serial_rivers_large_b, uniq_blork_the_orc
D:6:      minmay_chambers_of_sixes, layout_basic, overflow_temple_1_default,
          mainiacjoe_overflow_catch_the_wave

Skill      XL: |  1  2  3  4  5  6  7  8 |
---------------+-------------------------+-----
Earth Magic    | 4 5 6 7 |  7.6
Conjurations   | 3 5 6 7 |  7.4
Spellcasting   | 3 4 |  4.6
Fighting       | 1 3 |  3.1
Dodging        | |  1.5
Stealth        | |  2.1

Action                     |  1- 3 |  4- 6 |  7- 9 || total
---------------------------+-------+-------+-------++-------
  Melee: Dagger            |       |     5 |       ||     5
         Battleaxe         |       |       |    22 ||    22
  Throw: Boomerang         |     1 |     7 |     5 ||    13
         Stone             |     1 |       |       ||     1
         Dart              |       |     1 |       ||     1
   Cast: Sandblast         |    38 |   107 |    63 ||   208
         Stone Arrow       |       |     1 |       ||     1
    Use: Potion            |       |       |     1 ||     1
 Armour: Robe              |     3 |    45 |    21 ||    69
         Skin              |       |       |    16 ||    16
  Dodge: Dodged            |     3 |    26 |    21 ||    50
